 Dungeon Crawl Stone Soup version 0.27.1-4-g1640c2035a (webtiles) character file.

Game seed: 3969263343380881921

5 Gunterle the Bolt Thrower (level 1, -2/18 HPs)
             Began as a Minotaur Hunter on Nov 18, 2021.
             Slain by a quokka (4 damage)
             ... on level 1 of the Dungeon.
             The game lasted 00:00:33 (46 turns).

Gunterle the Bolt Thrower (Minotaur Hunter)           Turns: 46, Time: 00:00:34

Health: -2/18      AC:  3    Str: 16    XL:     1   Next: 66%
Magic:  0/0        EV: 11    Int:  8    God:
Gold:   0          SH:  0    Dex: 10    Spells: 0/0 levels left

rFire    . . .     SeeInvis .   a - +1 hand crossbow
rCold    . . .     Faith    .   (no shield)
rNeg     . . .     Spirit   .   c - +0 leather armour
rPois    .         Reflect  .   (helmet restricted)
rElec    .         Harm     .   (no cloak)
rCorr    .         Rampage  .   (no gloves)
Will     .....                  (no boots)
Stlth    +.........             (no amulet)
HPRegen  0.06/turn              (no ring)
MPRegen  0.07/turn              (no ring)

@: no status effects
A: horns 2, retaliatory headbutt
a: no special abilities


You were on level 1 of the Dungeon.
You visited 1 branch of the dungeon, and saw 1 of its levels.

Inventory:

Hand Weapons
 a - a +1 hand crossbow (weapon)
 b - a +0 short sword
Missiles
 d - 18 bolts (quivered ammo)
Armour
 c - a +0 leather armour (worn)


   Skills:
 + Level 2.5 Fighting
 * Level 4.5 Crossbows
 + Level 0.4 Armour
 + Level 2.3 Dodging
 - Level 0.7 Stealth


You couldn't memorise any spells.
You didn't know any spells.
Your spell library was empty.

Dungeon Overview and Level Annotations

Branches:
Dungeon (1/15)

Altars:


Innate Abilities, Weirdness & Mutations

You have a pair of horns on your head.
You reflexively headbutt those who attack you in melee.


Message History

A hobgoblin comes into view.
The hobgoblin shouts!
You hit the jackal.
You kill the jackal!
You hit the jackal but do no damage. The jackal bites you.
The jackal completely misses you.
You hit the jackal.
The jackal is severely wounded.
The jackal bites you.
You are too injured to fight recklessly!
You are too injured to fight recklessly!
You closely miss the jackal. You headbutt the jackal.
You kill the jackal!
The jackal bites you.
You hit the jackal.
You kill the jackal!
You hit the quokka but do no damage. Your headbutt misses the quokka.
The quokka bites you.
* * * LOW HITPOINT WARNING * * *
The quokka bites you.
* * * LOW HITPOINT WARNING * * *
You hit the quokka. Your headbutt misses the quokka.
The quokka is severely wounded.
The quokka barely misses you.
Unknown command.
a - a +1 hand crossbow (weapon)
The quokka closely misses you.
Fire: 20 bolts
Press: ? - help, Q - select action Shift-Dir - straight line, f - quokka
Aim: a quokka (severely wounded, 54% to hit)
You shoot a bolt. The bolt barely misses the quokka.
The bolt barely misses the hobgoblin.
The quokka closely misses you.
Fire: 19 bolts
Press: ? - help, Q - select action Shift-Dir - straight line, f/p - quokka
Aim: a quokka (severely wounded, 54% to hit)
You shoot a bolt. The bolt misses the quokka.
The bolt hits the hobgoblin.
You kill the hobgoblin!
The quokka bites you.
You die...

######. #....)r ##
#......####..
#......#...
#......#.######
#.........g..(#
.#.######.###(#
#......# #r#
#.###..# #@# #.#
#....#...#
#.####.###.##.###.#
#.......##.. .# ...
##+####'####+## ###
#...........#
######<###### ###


You could see a quokka.

Vanquished Creatures
  A hobgoblin (D:1)
  4 jackals (D:1)
5 creatures vanquished.

Notes
Turn   | Place    | Note
-------+----------+-------------------------------------------
     0 | D:1      | Gunterle the Minotaur Hunter began the quest for the Orb.
     0 | D:1      | Reached XP level 1. HP: 18/18 MP: 0/0
    46 | D:1      | Slain by a quokka

Illustrated notes

Levels and vault maps discovered:
D:1:      minmay_arrival_three_doors, layout_basic, serial_aquarium,
          aquarium_bridge_square [aquarium_subvault_window,
          aquarium_subvault_bridge, aquarium_subvault_wall,
          aquarium_subvault_window], aquarium_window_1, aquarium_window_corner,
          aquarium_window_2, aquarium_view_2d, aquarium_pool_corner,
          minmay_strange_pillars, minmay_tripent

Action                   || total
-------------------------++-------
Melee: Short sword       ||    19
       Headbutt          ||     3
 Fire: Hand crossbow     ||     2
Armor: Leather armour    ||     7
Dodge: Dodged            ||    13
